 Dungeon Crawl Stone Soup version 0.30-a0-782-ge64f9170bb (console) character file.

Game seed: 8177890306940033698

1245 utis the Ducker (level 8, -5/49 HPs)
             Began as a Tengu Wanderer on Mar 9, 2023.
             Slain by Duvessa
             ... wielding a +2 rapier of freezing
              (15 damage)
             ... on level 5 of the Dungeon.
             The game lasted 00:18:44 (6190 turns).

utis the Ducker (Tengu Wanderer)                    Turns: 6190, Time: 00:18:45

Health: -5/49      AC:  8    Str:  9    XL:     8   Next: 50%
Magic:  20/20      EV: 15    Int: 20    God:
Gold:   239        SH:  0    Dex: 18    Spells: 1/10 levels left

rFire   . . .      SeeInvis .    a - +0 spear (venom)
rCold   . . .      Faith    .    (no shield)
rNeg    . . .      Spirit   .    l - +0 ring mail
rPois   .          Reflect  .    (helmet restricted)
rElec   .          Harm     .    h - +1 cloak
rCorr   .          Rampage  .    G - +0 pair of gloves
Will    .....                    (boots unavailable)
Stlth   +                        (no amulet)
HPRegen 0.28/turn                I - +6 ring of intelligence
MPRegen 0.17/turn                W - ring of magical power

@: attractive, flying quickly and evasively, quick
A: beak, talons 3, nimble flight, wild magic 1
a: no special abilities


You were on level 5 of the Dungeon.
You visited 1 branch of the dungeon, and saw 5 of its levels.

You collected 239 gold pieces.

Inventory:

Hand Weapons
 a - a +0 spear of venom (weapon)
 b - a +1 short sword of venom
 k - a +0 falchion
 p - a +0 dagger
 q - a +0 rapier
 x - a +2 dagger of venom
 y - a +1 flail of holy wrath
 E - a +0 sling
 F - a +0 halberd
Missiles
 e - 12 poisoned darts
 f - 54 stones
 D - a throwing net {=f}
Armour
 d - a +0 robe
 g - a +0 leather armour
 h - a +1 cloak (worn)
 l - a +0 ring mail (worn)
 n - a +1 chain mail of fire resistance
 s - a +0 chain mail
 G - a +0 pair of gloves (worn)
Magical Staves
 r - a staff of poison {!a}
 C - a staff of death
Jewellery
 I - a +6 ring of intelligence (left hand)
 W - a ring of magical power (right hand)
Wands
 m - a wand of acid (4)
 w - a wand of charming (9)
 J - a wand of flame (2)
Scrolls
 u - 2 scrolls of fog
 v - a scroll of noise {unknown}
 z - a scroll of teleportation {@r4}
 A - a scroll of identify {unknown}
 B - a scroll of blinking {unknown}
 K - a scroll of poison {unknown}
Potions
 c - 2 potions of lignification
 j - a potion of mutation {!q}
 o - a potion of attraction
 t - a potion of flight {unknown}
 H - a potion of resistance {unknown}


   Skills:
 + Level 5.1 Fighting
 - Level 4.0 Ranged Weapons
 - Level 1.1 Armour
 + Level 5.7 Dodging
 - Level 1.0 Stealth
 + Level 1.8 Spellcasting
 + Level 4.0 Translocations
 + Level 4.7 Air Magic
 - Level 1.0 Invocations


You had one spell level left.
You knew the following spells:

 Your Spells              Type           Power      Damage    Failure   Level
a - Apportation           Tloc           46%        N/A       13%         1
v - Blink                 Tloc           46%        N/A       19%         2
X - Dazzling Flash        Conj/Hex       4%         N/A       86%         3
Y - Vhi's Electric Charg  Tloc/Air       50%        N/A       30%         3

Your spell library contained the following spells:

 Spells                   Type           Power      Damage    Failure   Level
 Sublimation of Blood     Necr           2%         N/A       65%         2
 Passage of Golubria      Tloc           23%        N/A       73%         4
 Iskenderun's Mystic Bla  Conj/Tloc      12%        2d5       93%         4
 Petrify                  Tmut/Erth      2%         N/A       99%         4
 Arcjolt                  Conj/Air       7%         1d17      99%         5
 Alistair's Intoxication  Tmut/Pois      1%         N/A       100%        5
 Irradiate                Conj/Tmut      1%         3d12      100%        5
 Starburst                Conj/Fire      1%         6d3       100%        6
 Maxwell's Capacitive Co  Air            13%        ∞         100%        8


Dungeon Overview and Level Annotations

Branches:
Dungeon (5/15)             Temple (0/1) D:5

Altars:
Trog
Vehumet
Lugonu

Shops:
D:5 (

Portals:
Abyss: D:5

Annotations:
D:5 Duvessa


Innate Abilities, Weirdness & Mutations

You have a beak for a mouth.
You have claws for feet.
Your magical nature lets you fly swiftly and evasively.
Your spells are a little harder to cast, but a little more powerful.


Message History

You hear a shout!
You hear a shout!
Found a stone staircase leading down.
You hear a shout!
You hear a shout!
It was a potion of attraction.
You feel attractive to monsters.
You hit Duvessa. You claw Duvessa. You peck Duvessa, but do no damage.
Duvessa is lightly wounded.
Duvessa closely misses you.
Duvessa hits you with a +2 rapier of freezing.
Duvessa freezes you.
You barely miss Duvessa. You claw Duvessa.
Duvessa is moderately wounded.
Duvessa hits you with a +2 rapier of freezing.
Duvessa freezes you. Duvessa misses you.
You barely miss Duvessa. Your kick misses Duvessa.
You peck Duvessa, but do no damage.
Duvessa is moderately wounded.
Duvessa hits you with a +2 rapier of freezing!!
* * * LOW HITPOINT WARNING * * *
Duvessa freezes you.
* * * LOW HITPOINT WARNING * * *
A dart slug comes into view.
The dart slug is attracted toward you.
You hit Duvessa but do no damage.
Duvessa is poisoned.
You claw Duvessa.
Duvessa is moderately wounded.
Duvessa barely misses you. x2
You hit Duvessa.
Duvessa looks as sick as possible!
You claw Duvessa, but do no damage.
Duvessa is moderately wounded.
Duvessa barely misses you.
You completely miss Duvessa. You claw Duvessa, but do no damage.
Duvessa is moderately wounded.
Duvessa misses you.
Duvessa hits you with a +2 rapier of freezing!
* * * LOW HITPOINT WARNING * * *
Duvessa freezes you.
* * * LOW HITPOINT WARNING * * *
It was a potion of curing.
You feel better.
Duvessa hits you with a +2 rapier of freezing!
You die...

...░.▒▒..▒ ▒..▒▒.░ ░.░.░
..░░....▒▒...▒▒....░░░.░.░
.░.........>...........░.░
░
...░....▒▒...▒▒..........░
░
.░.░.▒▒..▒▒.▒▒..▒▒.░░░░.░░
░ .░░...▒▒..▒.▒. ▒▒..░ ░.░
░ .......▒▒.... ▒▒..░░ ░.░
░ .░░.░░..▒.....▒...░░ ░.░
░ .░░.░.........weQ>.░ ░.░
░
.░░.░.░░░░░░░░░.....░░░.░░░
░ .░░.░. .............░ ░
.░░.░.
░░░.....░░░░░.░░░░░░░
.░░.░. ░░...░░ ░........
░░.... ░░.░░ ░░░░░░░░░
...░>. .░ ░░.. .░ ░ .░


You could see Duvessa (berserk, very poisoned) and a dart slug.

Vanquished Creatures
  Grinder (D:3)
  Sigmund (D:3)
  Edmund (D:4)
  A phantom (D:4)
  A gnoll sergeant (D:4)
  A scorpion (D:4)
  Dowan (D:5)
  3 jellies
  3 hounds
  An orc priest (D:5)
  Ijyb (D:3)
  3 iguanas (D:5)
  10 gnolls
  3 adders
  2 worms (D:2)
  10 orcs
  12 endoplasms
  5 giant cockroaches
  4 hobgoblins
  2 jackals (D:1)
  5 quokkas
  4 ball pythons
  5 bats
  3 frilled lizards
  7 goblins
  7 kobolds
  4 rats
  A lurking horror (D:5)
102 creatures vanquished.

Notes
Turn   | Place    | Note
-------+----------+-------------------------------------------
     0 | D:1      | utis the Tengu Wanderer began the quest for the Orb.
     0 | D:1      | utis set off with the following items: a +0 sling, a +0
                  | cloak, a potion of lignification, a +0 robe; and the
                  | following spell memorised: Apportation; and the following
                  | spells available to memorise: Blink, Passage of Golubria.
     0 | D:1      | Reached XP level 1. HP: 10/10 MP: 3/3
   474 | D:1      | Reached XP level 2. HP: 14/16 MP: 4/4
   713 | D:1      | Reached skill level 1 in Fighting
   774 | D:1      | Reached XP level 3. HP: 20/20 MP: 5/5
  1232 | D:2      | Learned a level 2 spell: Blink
  1346 | D:2      | Reached XP level 4. HP: 24/25 MP: 6/6
  1945 | D:3      | Found a faded altar of an unknown god.
  1945 | D:3      | Noticed Sigmund
  1954 | D:3      | Killed Sigmund
  1955 | D:3      | Gained mutation: Your magical nature lets you fly swiftly
                  | and evasively. [Tengu growth]
  1955 | D:3      | Reached XP level 5. HP: 17/32 MP: 7/7
  1955 | D:3      | Reached XP level 6. HP: 19/37 MP: 8/8
  2026 | D:3      | Learned a level 3 spell: Vhi's Electric Charge
  2054 | D:3      | Noticed Ijyb
  2071 | D:3      | Killed Ijyb
  2215 | D:3      | Noticed Grinder
  2278 | D:3      | Paralysed by Grinder for 5 turns
  2298 | D:3      | Gained mutation: Your spells are a little harder to cast,
                  | but a little more powerful. [potion of mutation]
  2298 | D:3      | Gained mutation: Your spells are harder to cast, but more
                  | powerful. [potion of mutation]
  2298 | D:3      | Lost mutation: Your spells are harder to cast, but more
                  | powerful. [potion of mutation]
  2303 | D:3      | Paralysed by Grinder for 5 turns
  2311 | D:3      | Killed Grinder
  2312 | D:3      | Reached XP level 7. HP: 21/42 MP: 9/9
  3084 | D:4      | Noticed Edmund
  3098 | D:4      | Killed Edmund
  3206 | D:4      | Found a radiant altar of Vehumet.
  3207 | D:4      | Found a bloodstained altar of Trog.
  3219 | D:4      | Reached skill level 5 in Dodging
  4303 | D:4      | Reached XP level 8. HP: 25/48 MP: 10/10
  4612 | D:5      | Entered Level 5 of the Dungeon
  4869 | D:4      | Reached skill level 5 in Fighting
  5009 | D:5      | Noticed Dowan
  5032 | D:5      | Killed Dowan
  5694 | D:5      | Found a staircase to the Ecumenical Temple.
  5802 | D:5      | Found a one-way gate to the infinite horrors of the Abyss.
  5802 | D:5      | Found a corrupted altar of Lugonu.
  5897 | D:5      | Learned a level 3 spell: Dazzling Flash
  6023 | D:5      | Found Joojoow's Weapon Shoppe.
  6035 | D:5      | Noticed Duvessa
  6190 | D:5      | Slain by Duvessa

Illustrated notes

Levels and vault maps discovered:
D:1:      sevenhm_arrival_forest_fort_small_5, layout_rooms,
          chequers_serial_rivers_room_b, minmay_misc_feat_x,
          minmay_misc_feat_doors
D:2:      layout_rooms
D:3:      layout_basic, shapermc_ecumenical_altar_venn, uniq_ijyb, uniq_sigmund,
          uniq_grinder
D:4:      layout_basic, grunt_temple_overflow_open, kennysheep_pointless_box,
          chequers_serial_rivers_micro_d, minivault_23, uniq_edmund
D:5:      layout_loops_ring, minmay_temple_entry_waves, serial_shops,
          nicolae_diamond_shop, gammafunk_ghost_arena,
          amcnicky_altar_lugonu_corruption, uniq_duvessa

Skill      XL: |  1  2  3  4  5  6  7  8 |
---------------+-------------------------+-----
Fighting       | 1 3 4 5 |  5.1
Ranged Weapons | 3 4 |  4.0
Dodging        | 2 3 4 5 |  5.7
Air Magic      | 2 3 4 |  4.7
Translocations | 3 4 |  4.0
Armour         | |  1.1
Stealth        | |  1.0
Spellcasting   | |  1.8
Invocations    | |  1.0

Action                     |  1- 3 |  4- 6 |  7- 9 || total
---------------------------+-------+-------+-------++-------
  Melee: Dagger            |    21 |    41 |    26 ||    88
         Kick              |     2 |    21 |    63 ||    86
         Peck              |     3 |    12 |    34 ||    49
         Punch             |       |     1 |     1 ||     2
         Falchion          |       |    15 |       ||    15
         Short sword       |       |       |    50 ||    50
         Spear             |       |       |   100 ||   100
         Flail             |       |       |     9 ||     9
   Fire: Sling             |   108 |     5 |     4 ||   117
   Cast: Apportation       |     5 |       |       ||     5
         Vhi's Electric Ch |       |       |     1 ||     1
    Use: Scroll            |       |     4 |     2 ||     6
         Potion            |       |     2 |     2 ||     4
   Stab: Sleeping          |       |       |     2 ||     2
 Armour: Leather armour    |    14 |       |       ||    14
         Ring mail         |    21 |     9 |    36 ||    66
  Dodge: Dodged            |    35 |    37 |   136 ||   208

Table legend: (Time is in decaauts)
 A = Elapsed time spent in this place.
 B = Non-inter-level travel time spent in this place.
 C = Inter-level travel time spent in this place.
 D = Time resting spent in this place.
 E = Time spent auto-exploring this place.
 F = Levels seen in this place.
 G = Mean time per level.
                   A        B        C        D        E       F      G
               +--------+--------+--------+--------+--------+-----+--------+
         Total |   6050 |   5707 |    343 |   1973 |   2536 |   5 | 1210.0 |
       Dungeon |   6050 |   5707 |    343 |   1973 |   2536 |   5 | 1210.0 |
               +--------+--------+--------+--------+--------+-----+--------+

Top non-repeatable levels by time:
     D:4: 1632 daAuts
     D:5: 1366 daAuts
     D:3: 1321 daAuts
     D:1: 1024 daAuts
     D:2: 704 daAuts
